AoeStats
← Your Mom

Arena

510488267Analyzed
2v2 RM · 2d ago on Oct 1, 2026· 36m 48s· 4 players
Game mode
Random Map
Map size
Medium (4 player)
Population
200
Speed
Normal
Resources
Standard
Victory
Conquest
Starting age
Dark Age
Ending age
Imperial Age
RankedLock teamsTeams togetherTeam positionsShared explorationLock speedFull tech treeHidden civsTurbo modeCheats
Victory
Defeat
🇩🇪 Franks · Germany
770
+20
🇦🇺 Teutons · Australia
762
+19
🇨🇳 Romans · China
866
-57
🇨🇳 Vietnamese · China
835
-19
1024935437
8:26 Loom
11:16 Feudal Age
13:33 Horse Collar
15:42 Fletching
20:01 Castle Age
20:45 Bodkin Arrow
20:13 Elite Skirmisher
32:15 Imperial Age
32:18 Padded Archer Armor
常宇最牛
0:44 Loom
4:15 Loom
9:31 Feudal Age
11:56 Wheelbarrow
17:18 Castle Age
17:11 Gold Mining
17:12 Stone Mining
17:13 Horse Collar
20:00 Double-Bit Axe
21:46 Hand Cart
23:02 Man-at-Arms
23:53 Scale Mail Armor
24:17 Long Swordsman
25:14 Squires
Your Mom
0:27 Loom
10:01 Feudal Age
10:34 Double-Bit Axe
11:38 Gold Mining
12:03 Stone Mining
15:47 Wheelbarrow
21:14 Castle Age
22:12 Bow Saw
23:19 Gold Shaft Mining
23:49 Husbandry
24:25 Fortified Wall
26:50 Scale Barding Armor
31:31 Forging
37:33 Imperial Age
35:21 Hand Cart
Venom8066
9:36 Feudal Age
16:04 Castle Age
15:20 Horse Collar
15:43 Double-Bit Axe
32:12 Imperial Age
31:42 Wheelbarrow
31:50 Town Watch
32:34 Ironclad
34:30 Onager
36:43 Conscription
Connection lost

Rejoining the realm…

Still unreachable

The connection could not be restored.

Session expired

The server has moved on; the page needs a fresh start.